 Dungeon Crawl Stone Soup version 0.31-a0-1074-g0b22e4e0f1 (console) character file.

Game seed: 18177533151556714865

72 jejorda2 the Chopper (level 4, -3/61 HPs)
             Began as a Gnoll Berserker on Dec 5, 2023.
             Was a Believer of Trog.
             Slain by a gnoll
             ... wielding a +1 whip of electrocution
              (5 damage)
             ... on level 3 of the Dungeon.
             The game lasted 00:02:52 (2079 turns).

jejorda2 the Chopper (Gnoll Berserker)              Turns: 2079, Time: 00:02:54

Health: -3/61      AC:  3    Str: 19    XL:     4   Next: 25%
Magic:  5/5        EV: 13    Int:  6    God:    Trog [**....]
Gold:   144        SH:  0    Dex: 11    Spells: 5/5 levels left

rFire   . . .        a - +0 hand axe
rCold   . . .        w - orb {light}
rNeg    . . .        i - +0 leather armour
rPois   .            (no helmet)
rElec   .            (no cloak)
rCorr   .            (no gloves)
SInv    .            (no boots)
Will    .....        (no amulet) Stlth
                     (no ring)
HPRegen 0.30/turn    (no ring)
MPRegen 0.09/turn

%: no passive effects
@: berserking, glowing, very quick
A: fangs 1, strong nose, distributed training
a: Renounce Religion, Berserk, Trog's Hand


You were on level 3 of the Dungeon.
You worshipped Trog.
Trog was pleased with you.
You visited 1 branch of the dungeon, and saw 3 of its levels.

You collected 144 gold pieces.

Inventory:

Hand Weapons
 a - a +0 hand axe (weapon)
 m - a +0 flail
Missiles
 b - 5 poisoned darts
 q - 2 javelins
Armour
 i - a +0 leather armour (worn)
 w - an orb of light (worn)
Jewellery
 r - a ring of magical power
 t - a ring of ice
Wands
 p - a wand of flame (23)
Scrolls
 f - a scroll of vulnerability {unknown}
 j - a scroll of blinking {unknown}
 k - 2 scrolls of identify {unknown}
 o - a scroll of acquirement {unknown}
 u - a scroll of noise {unknown}
Potions
 c - 2 potions of mutation {unknown}
 d - a potion of lignification {unknown}
 e - 4 potions of heal wounds {unknown}
 g - 2 potions of attraction {unknown}
 h - 4 potions of haste {unknown}
 l - a potion of curing {unknown}
 n - a potion of magic {unknown}
 s - a potion of invisibility {unknown}
 v - a potion of brilliance {unknown}


   Skills:
 + Level 6.6 Fighting
 + Level 1.1 Short Blades
 + Level 1.1 Long Blades
 + Level 6.6 Axes
 + Level 1.1 Maces & Flails
 + Level 1.1 Polearms
 + Level 1.1 Staves
 + Level 1.1 Ranged Weapons
 + Level 1.1 Throwing
 + Level 4.6 Armour
 + Level 4.6 Dodging
 + Level 1.1 Stealth
 + Level 1.1 Shields
 + Level 1.1 Unarmed Combat
 + Level 1.1 Spellcasting
 + Level 0.8 Conjurations
 + Level 0.8 Hexes
 + Level 0.8 Summonings
 + Level 0.8 Necromancy
 + Level 0.8 Translocations
 + Level 0.8 Transmutations
 + Level 0.8 Fire Magic
 + Level 0.8 Ice Magic
 + Level 0.8 Air Magic
 + Level 0.8 Earth Magic
 + Level 0.8 Poison Magic
 + Level 1.2 Invocations
 + Level 1.1 Evocations
 + Level 1.0 Shapeshifting


You had 5 spell levels left.
You didn't know any spells.
Your spell library was empty.

Dungeon Overview and Level Annotations

Branches:
Dungeon (3/15)

Altars:
Sif Muna


Innate Abilities, Weirdness & Mutations

You have very sharp teeth.
Your uncanny sense of smell can sniff out nearby items.
Your experience applies equally to all skills.


Message History

You open the door.
There is an open door here.
There is an open door here.
Found 3 stones.
An orc comes into view. It is wielding a +0 whip.
The orc shouts!
A gnoll comes into view. It is wielding a +0 flail.
The gnoll shouts!
You hear a shout!
A gnoll comes into view.
It is wielding a +1 whip of electrocution.
You hit the orc. Your bite misses the orc.
The orc is lightly wounded.
The orc hits you with a +0 whip.
A gnoll comes into view. It is wielding a +0 whip.
You hit the orc.
You kill the orc!
Trog accepts your kill.
You hit the gnoll.
The gnoll is lightly wounded.
The gnoll barely misses you.
You barely miss the gnoll.
The gnoll is lightly wounded.
The gnoll closely misses you.
You slash the gnoll!
The gnoll is heavily wounded.
You hit the gnoll. The gnoll hits you with a +0 flail!
The gnoll hits you with a +1 whip of electrocution.
You are electrocuted!!
* * * LOW HITPOINT WARNING * * *
You are too injured to fight recklessly!
Unknown command.
A red film seems to cover your vision as you go berserk!
You feel yourself moving faster!
You feel mighty! The gnoll misses you. The gnoll closely misses you.
You hit the gnoll.
The gnoll is heavily wounded.
You completely miss the gnoll. You hit the gnoll.
The gnoll hits you with a +0 flail.
* * * LOW HITPOINT WARNING * * *
The gnoll hits you with a +1 whip of electrocution.
You die...

......# ...# #....#
#.....##.....# #....##
#............# .......
.....###.....# .......
#....# ....# .......
##...# . .......
.+...... .......
.################g......
.#.............(@g$#
.#>.......#####..g##
.+........# #.)......
##........# #...###.#
..........# ##....
..........# #.####
..........######.#
..................
..........#.####.#


You could see 3 gnolls.

Vanquished Creatures
  An adder (D:2)
  A dart slug (D:2)
  2 orcs (D:3)
  7 ball pythons
  5 endoplasms
  2 giant cockroaches
  6 goblins
  6 hobgoblins
  3 quokkas
  10 bats
  A frilled lizard (D:3)
  5 kobolds (D:1)
  3 rats
52 creatures vanquished.

Notes
Turn   | Place    | Note
-------+----------+-------------------------------------------
     0 | D:1      | jejorda2 the Gnoll Berserker began the quest for the Orb.
     0 | D:1      | Reached XP level 1. HP: 23/23 MP: 1/1
    99 | D:1      | Reached XP level 2. HP: 27/29 MP: 2/2
   280 | D:1      | Reached XP level 3. HP: 34/35 MP: 3/3
   378 | D:1      | Reached ** piety under Trog
   896 | D:2      | Reached skill level 1 in Invocations
  1001 | D:2      | Reached skill level 1 in Short Blades
  1001 | D:2      | Reached skill level 1 in Long Blades
  1001 | D:2      | Reached skill level 1 in Maces & Flails
  1001 | D:2      | Reached skill level 1 in Polearms
  1001 | D:2      | Reached skill level 1 in Staves
  1001 | D:2      | Reached skill level 1 in Ranged Weapons
  1001 | D:2      | Reached skill level 1 in Throwing
  1001 | D:2      | Reached skill level 1 in Stealth
  1001 | D:2      | Reached skill level 1 in Shields
  1001 | D:2      | Reached skill level 1 in Unarmed Combat
  1001 | D:2      | Reached skill level 1 in Spellcasting
  1001 | D:2      | Reached skill level 1 in Evocations
  1523 | D:3      | Reached XP level 4. HP: 39/41 MP: 5/5
  1524 | D:3      | Reached skill level 1 in Shapeshifting
  1714 | D:3      | Found a shimmering blue altar of Sif Muna.
  2079 | D:3      | HP: 2/61 [gnoll/+0 flail (6)]
  2079 | D:3      | Slain by a gnoll

Illustrated notes

Levels and vault maps discovered:
D:1:      matt_arrival_diagonals, layout_basic
D:2:      layout_loops_ring
D:3:      layout_basic, zin_purify, mainiacjoe_overflow_six_doors_small,
          uniq_crazy_yiuf_cottage

Skill      XL: |  1  2  3  4 |
---------------+-------------+-----
Invocations    | 1 |  1.2
Short Blades   | 1 |  1.1
Long Blades    | 1 |  1.1
Maces & Flails | 1 |  1.1
Polearms       | 1 |  1.1
Staves         | 1 |  1.1
Ranged Weapons | 1 |  1.1
Throwing       | 1 |  1.1
Stealth        | 1 |  1.1
Shields        | 1 |  1.1
Unarmed Combat | 1 |  1.1
Spellcasting   | 1 |  1.1
Evocations     | 1 |  1.1
Shapeshifting  | 1 |  1.0
Fighting       | |  6.6
Axes           | |  6.6
Armour         | |  4.6
Dodging        | |  4.6
Conjurations   | |  0.8
Hexes          | |  0.8
Summonings     | |  0.8
Necromancy     | |  0.8
Translocations | |  0.8
Transmutations | |  0.8
Fire Magic     | |  0.8
Ice Magic      | |  0.8
Air Magic      | |  0.8
Earth Magic    | |  0.8
Poison Magic   | |  0.8

Action                     |  1- 3 |  4- 6 || total
---------------------------+-------+-------++-------
  Melee: Hand axe          |   121 |    31 ||   152
         Bite              |     7 |     1 ||     8
 Invoke: Berserk           |       |     1 ||     1
   Stab: Sleeping          |       |     1 ||     1
 Armour: Animal skin       |    36 |       ||    36
         Leather armour    |    20 |    15 ||    35
  Dodge: Dodged            |    96 |    18 ||   114

Table legend: (Time is in decaauts)
 A = Elapsed time spent in this place.
 B = Non-inter-level travel time spent in this place.
 C = Inter-level travel time spent in this place.
 D = Time resting spent in this place.
 E = Time spent auto-exploring this place.
 F = Levels seen in this place.
 G = Mean time per level.
                   A        B        C        D        E       F      G
               +--------+--------+--------+--------+--------+-----+--------+
         Total |   2075 |   1939 |    136 |      0 |   1574 |   3 |  691.7 |
       Dungeon |   2075 |   1939 |    136 |      0 |   1574 |   3 |  691.7 |
               +--------+--------+--------+--------+--------+-----+--------+

Top non-repeatable levels by time:
     D:2: 775 daAuts
     D:1: 732 daAuts
     D:3: 567 daAuts
